[ AOE2 MATCH · #486147497 ]
UnrankedBulgarians vs Saracens
Player's team · WIN
Rival team · LOSS
[ REPLAY ANALYSIS · EXTRACTED FROM THE RECORDED GAME ]
Feudal
10:42
Castle
26:18
Imperial
43:24
| APM avg | 19.9 |
| APM peak | 58 |
| eAPM avg | 14.7 |
| Villagers / military | 86 / 206 |
Focus
⚔️ 49.8% · 🌾 50.2%
Spearman ×92 · Militia ×69 · Battering Ram ×22 · Konnik ×10 · Skirmisher ×7 · Trebuchet (Packed) ×4
Feudal
10:07
Castle
21:41
Imperial
39:52
| APM avg | 27.5 |
| APM peak | 60 |
| eAPM avg | 16.4 |
| Villagers / military | 73 / 111 |
Focus
⚔️ 33.5% · 🌾 66.5%
Archer ×34 · Mameluke ×34 · Mangonel ×10 · Monk ×9 · Knight ×7 · Skirmisher ×7
Match map
Initial resources + every placement click. Lines = walls · curves = elevation contours. ◆ gold · ⬟ stone · ● berries · ✦ relic · ◌ wall gap
Your base· Open — unwalled flank
genis1987's base· Open — unwalled flank
Smoothed initial terrain · ◌ = detected wall gap · hover for details
Inputs per minute
— Alex - - genis1987
Build order — Alex
First 150 of 403 actions detected
| 0:01 | Create | Villager (Male) |
| 0:01 | Create | Villager (Male) |
| 0:02 | Create | Villager (Male) |
| 0:02 | Create | Villager (Male) |
| 0:05 | Build | House |
| 0:09 | Build | House |
| 1:32 | Create | Villager (Male) |
| 1:35 | Research | Loom |
| 2:06 | Create | Villager (Male) |
| 2:38 | Create | Villager (Male) |
| 2:51 | Build | Lumber Camp |
| 2:53 | Create | Villager (Male) |
| 2:57 | Build | House |
| 3:26 | Create | Villager (Male) |
| 3:49 | Create | Villager (Male) |
| 4:07 | Create | Villager (Male) |
| 4:37 | Create | Villager (Male) |
| 4:48 | Build | Mill |
| 4:57 | Create | Villager (Male) |
| 4:59 | Create | Villager (Male) |
| 5:39 | Create | Villager (Male) |
| 5:43 | Build | House |
| 5:46 | Build | House |
| 5:49 | Create | Villager (Male) |
| 6:11 | Create | Villager (Male) |
| 7:17 | Create | Villager (Male) |
| 7:49 | Create | Villager (Male) |
| 8:01 | Build | Barracks |
| 8:30 | Create | Villager (Male) |
| 8:32 | Research | Feudal Age |
| 8:47 | Build | Mining Camp |
| 9:04 | Create | Militia |
| 9:26 | Create | Villager (Male) |
| 9:29 | Create | Militia |
| 9:30 | Create | Militia |
| 9:57 | Create | Villager (Male) |
| 10:03 | Create | Militia |
| 10:20 | Build | Farm |
| 10:21 | Build | Farm |
| 10:21 | Build | Farm |
| 10:22 | Build | Farm |
| 10:42 | Age | Feudal Age |
| 10:50 | Build | House |
| 10:52 | Build | House |
| 10:54 | Build | House |
| 11:19 | Research | Arson |
| 11:35 | Build | Farm |
| 11:39 | Build | Farm |
| 11:47 | Build | Farm |
| 11:50 | Build | Farm |
| 11:52 | Create | Villager (Male) |
| 11:56 | Build | Farm |
| 12:07 | Create | Spearman |
| 12:30 | Create | Villager (Male) |
| 13:16 | Create | Militia |
| 13:22 | Build | Watch Tower |
| 13:27 | Create | Militia |
| 13:45 | Create | Militia |
| 13:52 | Create | Militia |
| 14:12 | Create | Villager (Male) |
| 14:13 | Create | Militia |
| 14:40 | Create | Militia |
| 14:50 | Create | Militia |
| 14:55 | Create | Villager (Male) |
| 14:56 | Create | Villager (Male) |
| 15:17 | Build | Mining Camp |
| 15:20 | Create | Militia |
| 16:01 | Create | Militia |
| 16:06 | Create | Villager (Male) |
| 16:27 | Build | Archery Range |
| 16:30 | Create | Villager (Male) |
| 16:35 | Build | Blacksmith |
| 16:39 | Build | Lumber Camp |
| 16:42 | Create | Villager (Male) |
| 16:45 | Research | Loom |
| 16:58 | Create | Villager (Male) |
| 17:13 | Build | Market |
| 17:24 | Create | Militia |
| 17:25 | Create | Spearman |
| 17:32 | Create | Skirmisher |
| 17:41 | Create | Villager (Male) |
| 18:05 | Build | House |
| 18:07 | Build | House |
| 18:07 | Build | House |
| 18:08 | Build | House |
| 18:29 | Build | House |
| 18:30 | Build | House |
| 18:31 | Build | House |
| 18:34 | Create | Villager (Male) |
| 18:36 | Create | Skirmisher |
| 18:51 | Create | Militia |
| 19:16 | Build | Watch Tower |
| 19:21 | Research | Fletching |
| 19:24 | Create | Skirmisher |
| 19:32 | Create | Skirmisher |
| 19:45 | Research | Padded Archer Armor |
| 19:51 | Create | Villager (Male) |
| 19:59 | Build | Farm |
| 20:01 | Create | Villager (Male) |
| 20:17 | Build | Farm |
| 20:21 | Build | Farm |
| 20:42 | Create | Skirmisher |
| 20:43 | Create | Skirmisher |
| 20:56 | Create | Skirmisher |
| 21:35 | Create | Villager (Male) |
| 21:47 | Create | Spearman |
| 21:59 | Research | Scale Mail Armor |
| 22:01 | Create | Villager (Male) |
| 22:07 | Build | Farm |
| 22:20 | Create | Villager (Male) |
| 22:29 | Build | Farm |
| 23:01 | Create | Spearman |
| 23:38 | Research | Castle Age |
| 24:06 | Create | Spearman |
| 24:07 | Create | Spearman |
| 24:15 | Create | Villager (Male) |
| 25:09 | Create | Spearman |
| 25:16 | Create | Villager (Male) |
| 25:37 | Research | Forging |
| 25:41 | Research | Horse Collar |
| 25:52 | Research | Double-Bit Axe |
| 26:18 | Age | Castle Age |
| 26:57 | Research | Pikeman (upgrade) |
| 27:00 | Research | Elite Skirmisher (upgrade) |
| 27:26 | Research | Gambesons |
| 27:29 | Create | Villager (Male) |
| 27:30 | Create | Villager (Male) |
| 28:02 | Create | Spearman |
| 28:02 | Create | Militia |
| 28:04 | Research | Squires |
| 28:13 | Build | Krepost |
| 28:19 | Create | Villager (Male) |
| 28:28 | Build | Krepost |
| 28:31 | Build | Town Center |
| 28:34 | Create | Villager (Male) |
| 28:35 | Create | Villager (Male) |
| 29:00 | Create | Spearman |
| 29:00 | Create | Militia |
| 29:02 | Create | Villager (Male) |
| 29:20 | Build | Siege Workshop |
| 29:28 | Create | Villager (Male) |
| 29:39 | Build | Town Center |
| 29:49 | Create | Villager (Male) |
| 29:56 | Create | Villager (Male) |
| 30:08 | Build | Mining Camp |
| 30:11 | Create | Mangonel |
| 30:14 | Create | Battering Ram |
| 30:18 | Create | Militia |
| 30:24 | Create | Villager (Male) |
| 30:42 | Create | Konnik |
Build order — genis1987
First 150 of 312 actions detected
| 0:00 | Create | Villager (Male) |
| 0:00 | Create | Villager (Male) |
| 0:02 | Build | House |
| 0:04 | Build | House |
| 0:17 | Create | Villager (Male) |
| 0:31 | Create | Villager (Male) |
| 1:28 | Create | Villager (Male) |
| 1:55 | Build | Lumber Camp |
| 1:56 | Create | Villager (Male) |
| 2:36 | Create | Villager (Male) |
| 2:49 | Create | Villager (Male) |
| 3:26 | Create | Villager (Male) |
| 3:37 | Build | Mill |
| 4:04 | Create | Villager (Male) |
| 4:15 | Build | House |
| 4:23 | Create | Villager (Male) |
| 4:42 | Create | Villager (Male) |
| 4:56 | Create | Villager (Male) |
| 5:32 | Create | Villager (Male) |
| 5:36 | Build | House |
| 5:42 | Build | House |
| 6:08 | Create | Villager (Male) |
| 6:22 | Create | Villager (Male) |
| 6:54 | Create | Villager (Male) |
| 6:55 | Create | Villager (Male) |
| 6:56 | Research | Loom |
| 7:57 | Research | Feudal Age |
| 9:24 | Build | Mining Camp |
| 9:39 | Create | Villager (Male) |
| 10:03 | Build | Barracks |
| 10:07 | Age | Feudal Age |
| 10:11 | Create | Villager (Male) |
| 10:41 | Create | Villager (Male) |
| 10:45 | Research | Double-Bit Axe |
| 11:00 | Build | Farm |
| 11:08 | Build | Archery Range |
| 11:14 | Build | Palisade Wall |
| 11:30 | Build | Palisade Wall |
| 11:32 | Build | Palisade Wall |
| 11:35 | Create | Villager (Male) |
| 11:41 | Build | Farm |
| 11:44 | Build | Farm |
| 11:48 | Create | Villager (Male) |
| 12:02 | Create | Archer |
| 12:02 | Create | Archer |
| 12:03 | Create | Archer |
| 12:17 | Create | Archer |
| 12:30 | Create | Archer |
| 12:41 | Create | Archer |
| 12:43 | Create | Villager (Male) |
| 12:46 | Build | Farm |
| 12:49 | Build | Farm |
| 12:50 | Build | Farm |
| 12:50 | Build | Farm |
| 12:50 | Build | Farm |
| 12:51 | Build | Farm |
| 12:51 | Build | Farm |
| 13:05 | Create | Villager (Male) |
| 13:31 | Build | House |
| 13:56 | Build | Watch Tower |
| 14:53 | Create | Villager (Male) |
| 15:01 | Build | Blacksmith |
| 15:06 | Build | Farm |
| 15:07 | Build | Farm |
| 15:07 | Build | Farm |
| 15:07 | Build | Farm |
| 15:50 | Create | Skirmisher |
| 15:53 | Create | Archer |
| 16:08 | Build | Mill |
| 16:11 | Create | Villager (Male) |
| 16:23 | Create | Villager (Male) |
| 16:33 | Create | Villager (Male) |
| 16:37 | Create | Villager (Male) |
| 16:38 | Create | Villager (Male) |
| 16:52 | Create | Villager (Male) |
| 16:57 | Research | Gold Mining |
| 17:01 | Research | Horse Collar |
| 17:11 | Build | Palisade Wall |
| 17:16 | Create | Archer |
| 17:30 | Build | House |
| 17:32 | Build | House |
| 17:35 | Build | House |
| 17:37 | Build | House |
| 17:42 | Create | Villager (Male) |
| 17:46 | Research | Wheelbarrow |
| 17:47 | Create | Villager (Male) |
| 18:47 | Research | Fletching |
| 18:54 | Research | Castle Age |
| 19:32 | Research | Padded Archer Armor |
| 21:41 | Age | Castle Age |
| 21:59 | Build | Market |
| 22:00 | Create | Villager (Male) |
| 22:51 | Build | Town Center |
| 23:15 | Build | Siege Workshop |
| 23:28 | Research | Hand Cart |
| 23:29 | Create | Villager (Male) |
| 23:30 | Create | Villager (Male) |
| 23:31 | Create | Villager (Male) |
| 24:01 | Build | Stable |
| 24:15 | Create | Villager (Male) |
| 24:16 | Create | Villager (Male) |
| 24:34 | Research | Stone Mining |
| 24:51 | Build | Farm |
| 25:05 | Build | House |
| 25:06 | Build | House |
| 25:07 | Build | House |
| 25:15 | Create | Villager (Male) |
| 25:53 | Build | Castle |
| 26:25 | Build | Lumber Camp |
| 26:36 | Build | Mining Camp |
| 26:46 | Create | Villager (Male) |
| 26:55 | Create | Villager (Male) |
| 27:00 | Create | Mameluke |
| 27:32 | Create | Villager (Male) |
| 27:32 | Create | Villager (Male) |
| 27:40 | Build | Farm |
| 27:41 | Create | Mameluke |
| 28:01 | Build | Farm |
| 28:08 | Build | Farm |
| 28:19 | Create | Villager (Male) |
| 28:56 | Create | Mameluke |
| 29:06 | Create | Villager (Male) |
| 29:07 | Create | Villager (Male) |
| 29:09 | Create | Mameluke |
| 29:14 | Create | Mangonel |
| 29:18 | Create | Battering Ram |
| 29:33 | Build | Farm |
| 29:37 | Create | Villager (Male) |
| 29:39 | Create | Villager (Male) |
| 29:50 | Create | Villager (Male) |
| 29:55 | Build | Farm |
| 30:02 | Build | Farm |
| 30:06 | Build | Farm |
| 30:14 | Build | Farm |
| 30:42 | Create | Knight |
| 30:42 | Create | Knight |
| 30:44 | Research | Bloodlines |
| 30:58 | Build | Farm |
| 31:00 | Build | Farm |
| 31:07 | Build | Farm |
| 31:09 | Build | Farm |
| 31:18 | Create | Knight |
| 31:22 | Create | Mangonel |
| 32:37 | Create | Knight |
| 32:40 | Research | Husbandry |
| 32:44 | Create | Mameluke |
| 32:44 | Create | Mameluke |
| 32:45 | Create | Mameluke |
| 32:50 | Build | House |
| 32:51 | Build | House |
Match timeline
| 8:01 | Alex · first_building Barracks |
| 10:03 | genis1987 · first_building Barracks |
| 10:07 | genis1987 · age_up feudal |
| 10:42 | Alex · age_up feudal |
| 11:08 | genis1987 · first_building Archery Range |
| 11:14 | genis1987 · wall_segment Palisade Wall x7 |
| 11:30 | genis1987 · wall_segment Palisade Wall x4 |
| 11:32 | genis1987 · wall_segment Palisade Wall x5 |
| 16:27 | Alex · first_building Archery Range |
| 17:11 | genis1987 · wall_segment Palisade Wall x2 |
| 21:41 | genis1987 · age_up castle |
| 22:24 | Alex · first_market_buy 100 food |
| 22:47 | genis1987 · first_market_buy 100 stone |
| 23:15 | genis1987 · first_building Siege Workshop |
| 23:29 | Alex · first_market_sell 100 wood |
| 24:01 | genis1987 · first_building Stable |
| 25:53 | genis1987 · first_building Castle |
| 26:18 | Alex · age_up castle |
| 28:13 | Alex · first_building Krepost |
| 29:20 | Alex · first_building Siege Workshop |
| 39:52 | genis1987 · age_up imperial |
| 42:35 | genis1987 · first_building Monastery |
| 43:18 | Alex · first_building Castle |
| 43:24 | Alex · age_up imperial |
| 44:00 | genis1987 · first_market_sell 100 wood |
| 61:32 | genis1987 · resign |
[ AI ANALYSIS · 1 CREDIT ]
What really happened in this match?
Wolo.gg analyzes every decision: build order, eco, micro, common mistakes by bracket. Personalized analysis on WhatsApp or Discord in 30 seconds.
Civ guide
Bulgarians
Perfil
Jugador #776924